 Dungeon Crawl Stone Soup version 0.29.1-15-g9cfb28693d (webtiles) character file.

Game seed: 6724570560122391162

503 Heoruswealwe the Magician (level 6, -1/32 HPs)
             Began as a Deep Elf Conjurer on Apr 11, 2023.
             Was an Initiate of Vehumet.
             Slain by a water moccasin (2 damage)
             ... on level 5 of the Dungeon.
             The game lasted 00:35:19 (3701 turns).

Heoruswealwe the Magician (Deep Elf Conjurer)       Turns: 3701, Time: 00:35:27

Health: -1/32      AC:  6    Str:  4    XL:     6   Next: 96%
Magic:  18/18      EV: 12    Int: 25    God:    Vehumet [......]
Gold:   178        SH:  5    Dex: 13    Spells: 5/19 levels left

rFire   . . .      SeeInvis .   b - +8 whip of Extremism {spect, Fly rF++ rC- rN+}
rCold   x . .      Faith    .   (no shield)
rNeg    + . .      Spirit   .   c - +1 robe {Will+}
rPois   .          Reflect  +   (no helmet)
rElec   .          Harm     .   h - +0 cloak
rCorr   +          Rampage  .   f - +0 pair of gloves
Will    +....      Rage     3%  e - +0 pair of boots
Stlth   ++........              i - amulet of reflection
HPRegen 0.10/turn               k - ring of resist corrosion
MPRegen 0.16/turn               (no ring)

@: mighty, lethally poisoned (-1 -> -17), flying, fire susceptible
A: berserk 1
a: Renounce Religion


You were on level 5 of the Dungeon.
You worshipped Vehumet.
Vehumet was noncommittal.
You visited 1 branch of the dungeon, and saw 5 of its levels.

You collected 178 gold pieces.

Inventory:

Hand Weapons
 b - the +8 whip of Extremism (weapon) {spect, Fly rF++ rC- rN+}
   (You found it on level 3 of the Dungeon)

   When its wielder attacks, the weapon's spirit leaps out and strikes again.
   The spirit shares a part of any damage it takes with its wielder.
   rF:        It greatly protects you from fire.
   rC:        It makes you vulnerable to cold.
   rN:        It protects you from negative energy.
   Fly:       It grants you flight.
 s - a +1 war axe of flaming
Armour
 c - a +1 robe of willpower (worn)
 e - a +0 pair of boots (worn)
 f - a +0 pair of gloves (worn)
 h - a +0 cloak (worn)
Magical Staves
 a - a staff of conjuration
Jewellery
 i - an amulet of reflection (around neck)
 k - a ring of resist corrosion (left hand)
Scrolls
 d - a scroll of torment {unknown}
 g - 2 scrolls of magic mapping {unknown}
 n - 2 scrolls of teleportation {unknown}
 p - a scroll of enchant weapon {unknown}
 u - a scroll of blinking {unknown}
 w - 2 scrolls of identify {unknown}
 y - 2 scrolls of vulnerability {unknown}
Potions
 j - a potion of mutation
 l - a potion of might
 m - a potion of brilliance
 o - 3 potions of heal wounds {unknown}
 q - a potion of degeneration {unknown}
 r - a potion of magic
 t - a potion of haste {unknown}
 v - 2 potions of lignification {unknown}
 x - a potion of invisibility {unknown}


   Skills:
 - Level 2.4 Dodging
 - Level 2.4 Stealth
 + Level 7.4 Spellcasting
 + Level 7.2 Conjurations


You had 5 spell levels left.
You knew the following spells:

 Your Spells              Type           Power      Damage    Failure   Level
a - Magic Dart            Conj           100%       1d8       1%          1
b - Searing Ray           Conj           90%        2d7       1%          2
c - Dazzling Flash        Conj/Hex       54%        N/A       4%          3
d - Fulminant Prism       Conj/Hex       13%        3d9       14%         4
e - Iskenderun's Mystic   Conj/Tloc      27%        2d7       14%         4

Your spell library contained the following spells:

 Spells                   Type           Power      Damage    Failure   Level
 Sting                    Tmut/Pois      36%        1d4       6%          1
 Ensorcelled Hibernation  Hex/Ice        18%        N/A       10%         2
 Poisonous Vapours        Pois/Air       18%        N/A       10%         2
 Spider Form              Tmut/Pois      9%         N/A       19%         3
 Anguish                  Hex/Necr       4%         N/A       54%         4
 Olgreb's Toxic Radiance  Pois           9%         N/A       54%         4


Dungeon Overview and Level Annotations

Branches:
Dungeon (5/15)
 Temple: D:4-7

Altars:
Nemelex Xobeh
Qazlal
Vehumet
Ignis

Shops:
D:1 (*=**


Innate Abilities, Weirdness & Mutations

You sometimes lose your temper in combat.


Message History

You hit the water moccasin.
The water moccasin is heavily wounded.
Your +8 whip of Extremism {spect, Fly rF++ rC- rN+} hits the water moccasin!
The water moccasin bites your +8 whip of Extremism {spect, Fly rF++ rC- rN+} but does no damage.
The jackal bites you but does no damage.
The jackal closely misses you. x2
The water moccasin bites your +8 whip of Extremism {spect, Fly rF++ rC- rN+}!
Your spectral weapon shares its damage with you!
You barely miss the water moccasin.
The water moccasin is severely wounded.
Your +8 whip of Extremism {spect, Fly rF++ rC- rN+} misses the water moccasin.
The jackal bites you. The water moccasin bites you.
You are poisoned.
The water moccasin poisons you!
The jackal bites you but does no damage.
The jackal closely misses you. The water moccasin bites you.
You are lethally poisoned!
The water moccasin poisons you!
You hit the water moccasin but do no damage.
The water moccasin is severely wounded.
Your +8 whip of Extremism {spect, Fly rF++ rC- rN+} barely misses the water moccasin.
You feel extremely sick. The jackal closely misses you.
The water moccasin bites you. The jackal misses you.
The jackal bites you but does no damage.
It was a potion of mutation.
You feel extremely strange.
You feel a little pissed off.
* * * LOW HITPOINT WARNING * * *
You feel very sick.
The jackal bites you but does no damage.
The water moccasin bites you.
* * * LOW HITPOINT WARNING * * *
The jackal closely misses you.
It was a potion of might.
You feel very mighty all of a sudden.
* * * LOW HITPOINT WARNING * * *
You feel very sick.
The jackal bites you but does no damage.
The water moccasin bites you.
You die...

#.....#....
##.........
#.........####
#............
#..........###
##......ยง.....#
........S..#
#......@h..#
#.....).h..#
#..#####.......
# .......
....... #+#....
.#.. ###


You could see a water moccasin and 2 jackals.

Vanquished Creatures
  2 scorpions (D:4)
  A howler monkey (D:4)
  A hound (D:4)
  An orc priest (D:3)
  2 orc wizards
  Natasha (thrice) (D:4)
  4 adders
  An ufetubus (D:5)
  3 worms
  4 dart slugs
  10 orcs
  7 bats
  6 endoplasms
  3 giant cockroaches
  10 goblins
  3 hobgoblins
  6 jackals
  9 kobolds
  4 quokkas
  6 ball pythons
  2 frilled lizards
  12 rats
100 creatures vanquished.

Vanquished Creatures (others)
  6 plants (D:1)
6 creatures vanquished.

Grand Total: 106 creatures vanquished

Notes
Turn   | Place    | Note
-------+----------+-------------------------------------------
     0 | D:1      | Heoruswealwe the Deep Elf Conjurer began the quest for the
                  | Orb.
     0 | D:1      | Reached XP level 1. HP: 10/10 MP: 6/6
    19 | D:1      | Found Podeixy's Assorted Antiques.
    83 | D:1      | Found Tulenef's Weapon Boutique.
   162 | D:1      | Found Oceigaept's Jewellery Shoppe.
   173 | D:1      | Reached XP level 2. HP: 15/15 MP: 1/8
   176 | D:1      | Learned a level 2 spell: Searing Ray
   227 | D:1      | Found Deshrizu's Assorted Antiques.
   441 | D:1      | Found Qawiolao's General Store.
   563 | D:1      | Reached skill level 5 in Conjurations
   563 | D:1      | Reached XP level 3. HP: 19/19 MP: 8/10
   966 | D:1      | Learned a level 3 spell: Dazzling Flash
   998 | D:1      | You fall into a shaft and drop 1 floor!
  1128 | D:2      | Found a faded altar of an unknown god.
  1161 | D:2      | Prayed at the altar of an unknown god.
  1161 | D:2      | Became a worshipper of Ignis, the Dying Flame
  1478 | D:2      | Reached XP level 4. HP: 24/24 MP: 10/12
  1483 | D:2      | Learned a level 4 spell: Fulminant Prism
  1976 | D:2      | You fall into a shaft and drop 1 floor!
  2050 | D:3      | Reached skill level 5 in Spellcasting
  2375 | D:3      | Identified the +8 whip of Extremism {spect, Fly rF++ rC-
                  | rN+}
  2396 | D:3      | Found a sparkling altar of Nemelex Xobeh.
  2631 | D:3      | Reached XP level 5. HP: 28/28 MP: 8/14
  2829 | D:4      | Learned a level 4 spell: Iskenderun's Mystic Blast
  3111 | D:4      | Reached XP level 6. HP: 32/32 MP: 12/17
  3137 | D:4      | Noticed Natasha
  3144 | D:4      | Killed Natasha
  3318 | D:4      | Noticed Natasha
  3322 | D:4      | Killed Natasha
  3382 | D:4      | Found a radiant altar of Vehumet.
  3382 | D:4      | Found a stormy altar of Qazlal.
  3393 | D:4      | Fell from the grace of Ignis
  3393 | D:4      | Became a worshipper of Vehumet
  3573 | D:4      | Noticed Natasha
  3587 | D:4      | Killed Natasha
  3681 | D:5      | Entered Level 5 of the Dungeon
  3685 | D:5      | Noticed a water moccasin
  3700 | D:5      | Gained mutation: You sometimes lose your temper in combat.
                  | [potion of mutation]
  3701 | D:5      | HP: 1/32 [poisoned by a water moccasin]
  3701 | D:5      | Slain by a water moccasin

Illustrated notes

Levels and vault maps discovered:
D:1:      dpeg_arrival_rooms_c, layout_basic, serial_shops,
          nicolae_shop_advertising_works [nicolae_subvault_shop_adworks],
          nicolae_shop_bloodbath_and_beyond, shop_statue,
          nicolae_shop_overgrown_old_shop, shop_statue
D:2:      layout_basic, ebering_ecumenical_altar_ruins
D:3:      layout_loops_ring, lemuel_tele_altar, minmay_circle_x
D:4:      layout_basic, grunt_temple_overflow_open,
          chequers_serial_rivers_micro_c, kennysheep_small_circle, uniq_natasha
D:5:      layout_basic, mainiacjoe_overflow_boulevard, nicolae_shop_clearance,
          uniq_ijyb

Skill      XL: |  1  2  3  4  5  6 |
---------------+-------------------+-----
Spellcasting   | 4 5 6 7 |  7.4
Conjurations   | 5 6 7 |  7.2
Dodging        | |  2.4
Stealth        | |  2.4

Action                   |  1- 3 |  4- 6 || total
-------------------------+-------+-------++-------
Melee: Unarmed           |    55 |       ||    55
       Punch             |     2 |       ||     2
       Whip              |       |    40 ||    40
 Cast: Magic Dart        |   101 |   102 ||   203
  Use: Potion            |     2 |     2 ||     4
Armor: Robe              |    16 |    17 ||    33
Dodge: Dodged            |    40 |    35 ||    75
Block: Other             |     1 |    11 ||    12
